Map: [ESL] Stargazers

Players

Serral - Winner!

  • Race: Zerg Zerg
  • League: Grandmaster
  • Spawn Location: 1:00

Reynor

  • Race: Protoss Protoss
  • Spawn Location: 11:00

Event: TSL 9

VOD

Have the link to the VOD?

Description

Time

  • Played on: Sept. 3, 2022, 6:17 a.m.
  • Length: 7:17

All games in this series

Show
View Real Time Build Order
Export as new Build Order

Serral Zerg - Winner!

Build Orders: Hatch First 

Get SALT Encoding   

  12  0:00  Drone  
  13  0:12  Overlord  
  13  0:16  Drone  
  14  0:30  Drone x2  
  16  0:48  Hatchery  
  15  0:51  Drone  
  15  0:55  Drone  
  17  0:58  Drone  
  18  1:09  Extractor  
  17  1:13  Spawning Pool  
  17  1:16  Drone  
  17  1:19  Drone  
  18  1:27  Drone  
  19  1:38  Drone  
  20  1:49  Overlord  
  20  2:01  Queen x2  
  20  2:02  Zergling x4  
  26  2:11  Drone x2  
  26  2:12  Metabolic Boost  
  28  2:21  Drone x2  
  30  2:35  Hatchery  
  30  2:37  Drone  
  30  2:39  Drone  
  31  2:45  Queen  
  31  2:51  Overlord  
  33  2:53  Drone  
  33  2:55  Drone  
  33  2:57  Drone  
  36  3:03  Overlord  
  36  3:08  Queen  
  38  3:13  Drone x2  
  38  3:14  Drone  
  38  3:15  Drone  
  38  3:17  Drone  
  43  3:20  Drone  
  43  3:24  Queen  
  46  3:30  Drone, Overlord  
  47  3:36  Drone  
  48  3:42  Spore Crawler, Drone  
  48  3:44  Queen  
  48  3:45  Drone x2  
  52  3:49  Spore Crawler  
  52  3:50  Drone  
  52  3:51  Drone  
  52  3:53  Drone  
  54  4:00  Zergling x2  
  55  4:03  Zergling x2  
  55  4:04  Overlord  
  55  4:05  Drone x3  
  55  4:09  Drone  
  60  4:12  Overlord  
  60  4:13  Zergling x2  
  60  4:14  Drone x2  
  62  4:19  Overlord  
  62  4:21  Drone  
  63  4:25  Drone, Roach Warren  
  63  4:28  Drone  
  64  4:33  Drone x4  
  68  4:38  Drone x2  
  68  4:43  Queen  
  68  4:44  Spore Crawler  
  71  4:47  Overlord  
  71  4:48  Drone x2  
  71  4:51  Lair  
  73  4:53  Extractor  
  73  4:55  Queen  
  73  4:59  Overlord  
  74  5:03  Extractor  
  74  5:07  Hatchery  
  72  5:08  Drone  
  72  5:09  Drone  
  72  5:10  Drone, Extractor  
  72  5:13  Drone x2  
  75  5:17  Drone  
  75  5:18  Drone  
  75  5:19  Queen, Drone  
  75  5:21  Evolution Chamber  
  79  5:24  Drone  
  79  5:25  Drone  
  79  5:27  Drone  
  82  5:31  Queen, Drone x3  
  82  5:35  Overlord  
  87  5:36  Extractor  
  87  5:41  Overlord  
  86  5:48  Extractor  
  85  5:50  Glial Reconstitution  
  85  5:51  Infestation Pit  
  85  5:52  Nydus Network  
  85  5:54  Queen  
  87  5:57  Roach x5  
  87  6:03  Roach x3  
  101  6:09  Roach x3  
  107  6:16  Roach x3  
  113  6:19  Queen  
  113  6:22  Overlord  
  115  6:29  Nydus Canal  
  115  6:30  Roach  
  115  6:31  Roach x4  
  125  6:34  Overlord  
  125  6:36  Overlord  
  125  6:38  Overlord  
  125  6:47  Nydus Canal  
  125  6:50  Roach  
  128  6:54  Ravager x4  
  128  6:56  Roach x2  
  128  6:58  Roach  
Show
View Real Time Build Order
Export as new Build Order

Reynor Protoss 

Build Orders: 1 Gate Expand, Oracle Opening, Mass Phoenix 

Get SALT Encoding   

  12  0:00  Probe  
  13  0:12  Probe  
  14  0:18  Pylon  
  14  0:24  Probe  
  15  0:36  Probe (Chrono Boost)  
  15  0:39  Gateway  
  16  0:44  Assimilator  
  16  0:48  Probe (Chrono Boost)  
  17  0:54  Probe (Chrono Boost)  
  18  1:03  Probe  
  19  1:15  Probe  
  20  1:25  Nexus  
  20  1:36  Cybernetics Core  
  20  1:39  Probe  
  21  1:47  Assimilator  
  21  1:51  Probe  
  22  1:58  Pylon  
  22  2:03  Probe  
  23  2:13  Adept (Chrono Boost)  
  23  2:16  Probe  
  23  2:19  Stargate  
  26  2:25  Warp Gate  
  26  2:28  Probe (Chrono Boost)  
  27  2:36  Stalker  
  29  2:38  Probe (Chrono Boost)  
  29  2:40  Probe (Chrono Boost)  
  31  2:48  Probe (Chrono Boost)  
  31  2:49  Probe (Chrono Boost)  
  33  2:53  Probe (Chrono Boost)  
  33  2:54  Probe  
  35  3:01  Oracle (Chrono Boost)  
  39  3:05  Probe  
  39  3:06  Probe  
  40  3:16  Gateway  
  40  3:17  Probe  
  40  3:18  Probe  
  42  3:23  Pylon  
  42  3:29  Probe  
  42  3:31  Probe  
  44  3:39  Oracle (Chrono Boost)  
  44  3:42  Probe  
  44  3:43  Probe  
  49  3:54  Probe  
  49  3:55  Probe, Assimilator, Pylon  
  51  4:06  Nexus, Probe  
  51  4:09  Stargate  
  52  4:11  Probe  
  53  4:17  Phoenix (Chrono Boost), Assimilator  
  53  4:18  Probe  
  56  4:25  Shield Battery, Probe  
  56  4:30  Pylon  
  56  4:31  Probe  
  58  4:36  Phoenix (Chrono Boost)  
  58  4:37  Probe  
  61  4:43  Probe  
  62  4:49  Probe  
  63  4:53  Phoenix  
  63  4:55  Probe  
  63  4:57  Phoenix (Chrono Boost)  
  68  5:01  Probe, Pylon  
  69  5:07  Probe  
  70  5:18  Adept x2, Phoenix (Chrono Boost)  
  70  5:20  Phoenix (Chrono Boost)  
  70  5:21  Probe (Chrono Boost)  
  78  5:23  Probe x2 (Chrono Boost)  
  78  5:24  Forge  
  81  5:33  Probe (Chrono Boost)  
  81  5:34  Phoenix (Chrono Boost), Probe (Chrono Boost)  
  81  5:35  Probe (Chrono Boost)  
  84  5:38  Probe (Chrono Boost)  
  84  5:41  Pylon  
  84  5:42  Probe  
  90  5:43  Assimilator  
  90  5:44  Phoenix (Chrono Boost), Assimilator  
  90  5:49  Probe  
  91  5:51  Probe, Pylon  
  91  5:54  Probe  
  93  6:01  Probe  
  98  6:06  Probe  
  100  6:11  Twilight Council  
  100  6:13  Probe  
  100  6:17  Photon Cannon  
  100  6:18  Photon Cannon  
  100  6:19  Robotics Facility  
  100  6:20  Photon Cannon  
  96  6:26  Void Ray (Chrono Boost)  
  96  6:30  Robotics Facility  
  96  6:32  Adept x2  
  100  6:39  Pylon  
  100  6:41  Probe x2  
  104  6:47  Photon Cannon x2  
  104  6:54  Stalker  
  109  6:56  Stalker  
  109  6:59  Probe  
  109  7:00  Probe  
  110  7:04  Probe  
Tags
 
Add a new tag
Caveats
  • Supply blocks, unpowered buildings, or Contaminate may cause inaccurate times.
  • Supply counts are checked every 10 seconds.